Workbook

Sheet 岡崎市開催チケット専用
B1: 岡崎市開催チケット専用申込書
B3: ★お控えを必ず 保管ください | G3: 合計20枚以上のチケット選択し、メールにて申し込みをお願いします。 E-mail：asia2026@city.okazaki.lg.jp 申込期限 7月14日（火） まで
B8: 下記、注意事項をご一読の上、お申し込みください。
B9: ・すべての観戦チケットは公益財団法人 愛知・名古屋アジア・アジアパラ競技大会組織委員会 （AINAGOC）定める約款が適用されます。 ・チケットのキャンペーン・販売促進活動の利用は一切禁止となります。 ・座席位置のご指定はできません。 ※岡崎市で開催される競技は同じ席種の中で自由席です。 ・3歳未満の未就学児は膝上無料。ただし席が必要な場合はチケットが必要です。こども料金はセッション開催日に15歳未満の方になります。（※販売時の年齢ではない) ・チケットは盗難・紛失・お忘れ等いかなる場合も再発行はいたしません。 ・支払方法は銀行振込(納付書対応)のみです。予めご了承ください。 ・請求先発行の宛名はご入力いただいた企業・団体様名の表記で使用いたしますのでご留意ください。 ・お振込・ご送金にかかる手数料はご購入者様にてご負担ください。 ・お申込内容確定後のキャンセル・変更は一切お受けできかねます。 ・お申し込みが確定したチケットは2026年8月初旬より随時納品を予定しております。 ・お申込書を受け取り後、所定の期日までにメールにてご回答いたします。
B20: ◇申込書１枚につき、複数セッション（最大5セッション）をお申込みいただけます。６セッション以上申込む場合は、本申込書をコピーしてお使いください。 チケッティングガイドに記載の各セッションのチケットコードをご入力ください。
B21: ≪ 申 込 欄 ≫ | G21: ※以下太枠内に必要事項をご入力ください。 | AM21: 申 込 日 | AS21: 2026 | AV21: 年 | AY21: 月 | BB21: 日 | BC21: ( | BE21: )
B22: フリガナ | AD22: フリガナ
B23: 団体名または法人名 | AD23: ご担当者名
B24: ご 住 所 | G24: 〒 | K24: -
B26: ☎ＴＥＬ・携帯 | G26: （ | L26: ） | M26: - | R26: - | AD26: E-mail | AS26: ＠
B27: F A X | G27: （ | L27: ） | M27: - | R27: -
B28: ご希望内容
B29: 項目 | D29: チケットコード | J29: 日程（〇/〇（曜日） | P29: 開始時間 | V29: 席種 | AD29: 合計枚数 | AH29: 席種変更 | AM29: 確保枚数 | AR29: 内訳枚数
B30: 説明 | D30: チケッティングガイド記載の チケットコードをご記入ください。 | J30: チケットコードを入力いただくと、自動で反映されます。 | P30: チケットコードを入力いただくと、自動で反映されます。 | V30: チケッティングガイド記載の 各セッション対象の席種をプルダウン（選択肢）からお選びください。 ※対象席種以外の場合お取りすることはできません。 | AD30: 合計20枚以上としてください。 | AH30: 希望席種がお取りできない場合、別席種にてお取りしてもよろしいでしょうか？あてはまるものを選択肢よりお選びください。 | AM30: 希望枚数の確保が、席種変更でも対応できなかった場合、確保枚数についてあてはまるものを選択肢よりお選びください。 | AR30: こども料金、障害者料金が対応できるセッションにおいてご希望の内訳枚数をご記入ください。 ※対応席種外の場合はすべて一般料金となります。 ※後日変更可能です。
B31: 例 | D31: BBL17 | J31: 09/26（土） | P31: 0.5 | V31: C席 | AD31: 50 | AG31: 枚 | AH31: 了承する | AM31: 枚数が減ったとしても取得したい | AR31: 内こども料金 | AV31: 20 | AX31: 枚 | AY31: 内障害者料金 | BE31: 枚
B32: ① | J32: =IFERROR(VLOOKUP(D32,'競技スケジュール（岡崎市抜粋）'!C$4:O$995,3,FALSE),"") | P32: =IFERROR(VLOOKUP(D32,'競技スケジュール（岡崎市抜粋）'!C$4:O$995,4,FALSE),"") | AG32: 枚 | AH32: 了承する | AM32: すべて確保できなければ必要ない | AR32: 内こども料金 | AX32: 枚 | AY32: 内障害者料金 | BE32: 枚
B33: ② | J33: =IFERROR(VLOOKUP(D33,'競技スケジュール（岡崎市抜粋）'!C$4:O$995,3,FALSE),"") | P33: =IFERROR(VLOOKUP(D33,'競技スケジュール（岡崎市抜粋）'!C$4:O$995,4,FALSE),"") | AG33: 枚 | AH33: 了承する | AM33: 枚数が減ったとしても購入したい | AR33: 内こども料金 | AX33: 枚 | AY33: 内障害者料金 | BE33: 枚
B34: ③ | J34: =IFERROR(VLOOKUP(D34,'競技スケジュール（岡崎市抜粋）'!C$4:O$995,3,FALSE),"") | P34: =IFERROR(VLOOKUP(D34,'競技スケジュール（岡崎市抜粋）'!C$4:O$995,4,FALSE),"") | AG34: 枚 | AH34: 了承する | AM34: 枚数が減ったとしても購入したい | AR34: 内こども料金 | AX34: 枚 | AY34: 内障害者料金 | BE34: 枚
B35: ④ | J35: =IFERROR(VLOOKUP(D35,'競技スケジュール（岡崎市抜粋）'!C$4:O$995,3,FALSE),"") | P35: =IFERROR(VLOOKUP(D35,'競技スケジュール（岡崎市抜粋）'!C$4:O$995,4,FALSE),"") | AG35: 枚 | AH35: 了承する | AM35: すべて確保できなければ必要ない | AR35: 内こども料金 | AX35: 枚 | AY35: 内障害者料金 | BE35: 枚
B36: ⑤ | J36: =IFERROR(VLOOKUP(D36,'競技スケジュール（岡崎市抜粋）'!C$4:O$995,3,FALSE),"") | P36: =IFERROR(VLOOKUP(D36,'競技スケジュール（岡崎市抜粋）'!C$4:O$995,4,FALSE),"") | AG36: 枚 | AH36: 了承する | AM36: すべて確保できなければ必要ない | AR36: 内こども料金 | AX36: 枚 | AY36: 内障害者料金 | BE36: 枚
B38: ※申込後、下記事務局回答欄にてご回答いたします。回答に対する詳細・注意事項は、備考欄に記載させていただきます。
B40: ≪ 以下 岡崎市 回答欄 ≫
B42: 注文番号 | AD42: 回 答 日 | AU42: 年 | AX42: 月 | BA42: 日 | BB42: （ | BD42: ）
B44: FALSE | D44: 下記の内容にてご予約を承りました。 | AD44: FALSE | AF44: ご希望の内容をお取りすることは出来ませんでした。
B47: 項目 | D47: チケットコード | J47: 日程（〇/〇（曜日） | P47: 開始時間 | V47: 席種 | AB47: 合計枚数 | AF47: 内訳枚数 | AX47: 金額
AF48: 一般単価 | AL48: こども単価 | AR48: 障害者単価
B49: ① | J49: =IFERROR(VLOOKUP(D49,'競技スケジュール（岡崎市抜粋）'!C$4:O$995,3,FALSE),"") | P49: =IFERROR(VLOOKUP(D49,'競技スケジュール（岡崎市抜粋）'!C$4:O$995,4,FALSE),"") | AB49: =SUM(AI49,AO49,AU49) -> 0 | AE49: 枚 | AF49: =IFERROR( INDEX('競技スケジュール（岡崎市抜粋）'!A:Y, MATCH(D49, '競技スケジュール（岡崎市抜粋）'!C:C, 0), MATCH(V49, '競技スケジュール（岡崎市抜粋）'!$3:$3, 0) ), "" ) | AK49: 枚 | AL49: =IFERROR(VLOOKUP(D49,'競技スケジュール（岡崎市抜粋）'!$C$4:$O$995,12,FALSE),"") | AQ49: 枚 | AR49: =IFERROR(VLOOKUP(D49,'競技スケジュール（岡崎市抜粋）'!$C$4:$O$995,13,FALSE),"") | AW49: 枚 | AX49: =IFERROR(AF49*AI49+AL49*AO49+AR49*AU49,"") | BE49: 円
B50: ② | J50: =IFERROR(VLOOKUP(D50,'競技スケジュール（岡崎市抜粋）'!C$4:O$995,3,FALSE),"") | P50: =IFERROR(VLOOKUP(D50,'競技スケジュール（岡崎市抜粋）'!C$4:O$995,4,FALSE),"") | AB50: =SUM(AI50,AO50,AU50) -> 0 | AE50: 枚 | AF50: =IFERROR( INDEX('競技スケジュール（岡崎市抜粋）'!A:Y, MATCH(D50, '競技スケジュール（岡崎市抜粋）'!C:C, 0), MATCH(V50, '競技スケジュール（岡崎市抜粋）'!$3:$3, 0) ), "" ) | AK50: 枚 | AL50: =IFERROR(VLOOKUP(D50,'競技スケジュール（岡崎市抜粋）'!$C$4:$O$995,12,FALSE),"") | AQ50: 枚 | AR50: =IFERROR(VLOOKUP(D50,'競技スケジュール（岡崎市抜粋）'!$C$4:$O$995,13,FALSE),"") | AW50: 枚 | AX50: =IFERROR(AF50*AI50+AL50*AO50+AR50*AU50,"") | BE50: 円
B51: ③ | J51: =IFERROR(VLOOKUP(D51,'競技スケジュール（岡崎市抜粋）'!C$4:O$995,3,FALSE),"") | P51: =IFERROR(VLOOKUP(D51,'競技スケジュール（岡崎市抜粋）'!C$4:O$995,4,FALSE),"") | AB51: =SUM(AI51,AO51,AU51) -> 0 | AE51: 枚 | AF51: =IFERROR( INDEX('競技スケジュール（岡崎市抜粋）'!A:Y, MATCH(D51, '競技スケジュール（岡崎市抜粋）'!C:C, 0), MATCH(V51, '競技スケジュール（岡崎市抜粋）'!$3:$3, 0) ), "" ) | AK51: 枚 | AL51: =IFERROR(VLOOKUP(D51,'競技スケジュール（岡崎市抜粋）'!$C$4:$O$995,12,FALSE),"") | AQ51: 枚 | AR51: =IFERROR(VLOOKUP(D51,'競技スケジュール（岡崎市抜粋）'!$C$4:$O$995,13,FALSE),"") | AW51: 枚 | AX51: =IFERROR(AF51*AI51+AL51*AO51+AR51*AU51,"") | BE51: 円
B52: ④ | J52: =IFERROR(VLOOKUP(D52,'競技スケジュール（岡崎市抜粋）'!C$4:O$995,3,FALSE),"") | P52: =IFERROR(VLOOKUP(D52,'競技スケジュール（岡崎市抜粋）'!C$4:O$995,4,FALSE),"") | AB52: =SUM(AI52,AO52,AU52) -> 0 | AE52: 枚 | AF52: =IFERROR( INDEX('競技スケジュール（岡崎市抜粋）'!A:Y, MATCH(D52, '競技スケジュール（岡崎市抜粋）'!C:C, 0), MATCH(V52, '競技スケジュール（岡崎市抜粋）'!$3:$3, 0) ), "" ) | AK52: 枚 | AL52: =IFERROR(VLOOKUP(D52,'競技スケジュール（岡崎市抜粋）'!$C$4:$O$995,12,FALSE),"") | AQ52: 枚 | AR52: =IFERROR(VLOOKUP(D52,'競技スケジュール（岡崎市抜粋）'!$C$4:$O$995,13,FALSE),"") | AW52: 枚 | AX52: =IFERROR(AF52*AI52+AL52*AO52+AR52*AU52,"") | BE52: 円
B53: ⑤ | J53: =IFERROR(VLOOKUP(D53,'競技スケジュール（岡崎市抜粋）'!C$4:O$995,3,FALSE),"") | P53: =IFERROR(VLOOKUP(D53,'競技スケジュール（岡崎市抜粋）'!C$4:O$995,4,FALSE),"") | AB53: =SUM(AI53,AO53,AU53) -> 0 | AE53: 枚 | AF53: =IFERROR( INDEX('競技スケジュール（岡崎市抜粋）'!A:Y, MATCH(D53, '競技スケジュール（岡崎市抜粋）'!C:C, 0), MATCH(V53, '競技スケジュール（岡崎市抜粋）'!$3:$3, 0) ), "" ) | AK53: 枚 | AL53: =IFERROR(VLOOKUP(D53,'競技スケジュール（岡崎市抜粋）'!$C$4:$O$995,12,FALSE),"") | AQ53: 枚 | AR53: =IFERROR(VLOOKUP(D53,'競技スケジュール（岡崎市抜粋）'!$C$4:$O$995,13,FALSE),"") | AW53: 枚 | AX53: =IFERROR(AF53*AI53+AL53*AO53+AR53*AU53,"") | BE53: 円
B54: 備考
B58: 確認期限 | AK58: 月 | AP58: 日 | AR58: 月 | AU58: 曜日 | AZ58: ： | BA58: 00 | BC58: まで
B61: 枚 数 | F61: 合計セッション数 | P61: 合計枚数 | Z61: 内こども | AI61: 内障害者 | AR61: チケット合計金額
F62: =IF(COUNTA(D49:H53)=0,"",COUNTA(D49:H53)) | M62: セッション | P62: =IF(SUM(AB49:AD53)=0,"",SUM(AB49:AD53)) | X62: 枚 | Z62: =IF(SUM(AO49:AP53)=0,"",SUM(AO49:AP53)) | AG62: 枚 | AI62: =IF(SUM(AU49:AV53)=0,"",SUM(AU49:AV53)) | AP62: 枚 | AR62: =SUM(AX49:BD53) -> 0 | BD62: 円
B63: 手数料 | F63: 発券手数料 | AE63: 配送手数料 | AR63: 手数料合計金額
F64: 0 | J64: 円 | L64: × | Q64: 枚 | S64: ＝ | T64: =IFERROR(F64*M64,"") -> 0 | AC64: 円 | AE64: 0 | AP64: 円 | AR64: =IFERROR(IF(SUM(T64,AE64)=0,"",SUM(T64,AE64)),"") | BD64: 円
B65: ご請求金額（合計） | AR65: =IFERROR(AR62+AR64,"") | BD65: 円
B66: 【自治体専用チケット お問い合わせ先】 | AC66: 連絡先 | AL66: ☎ 0564-23-6750 | AX66: 担当
B67: 岡崎市役所 スポーツ振興課アジア競技大会推進係 | AC67: e-mail | AH67: asia2026@city.okazaki.lg.jp

Sheet 競技スケジュール（岡崎市抜粋）
B3: # | C3: チケットコード | D3: 競技名 | E3: 日付 | F3: 開始時間 | G3: AA席 | H3: A席 | I3: B席 | J3: C席 | K3: D席 | L3: グランドチケット | M3: 車いす席 | N3: 子ども | O3: 障害者
A4: アジア大会 | B4: 40 | C4: TAR05 | D4: アーチェリー | E4: 09/30（水） | F4: 0.375 | H4: 4000 | M4: 4000 | N4: 2000 | O4: 3700
A5: 〃 | B5: 41 | C5: TAR06 | D5: アーチェリー | E5: 10/01（木） | F5: 0.375 | H5: 4000 | M5: 4000 | N5: 2000 | O5: 3700
A6: 〃 | B6: 42 | C6: TAR07 | D6: アーチェリー | E6: 10/02（金） | F6: 0.375 | H6: 4000 | M6: 4000 | N6: 2000 | O6: 3700
A7: 〃 | B7: 43 | C7: TAR08 | D7: アーチェリー | E7: 10/03（土） | F7: 0.375 | H7: 4000 | M7: 4000 | N7: 2000 | O7: 3700
A8: 〃 | B8: 303 | C8: VVO02 | D8: バレーボール | E8: 09/16（水） | F8: 0.41666667 | H8: 6000 | I8: 2000 | M8: 2000 | N8: 1000 | O8: 1700 | P8: 在庫わずか
A9: 〃 | B9: 305 | C9: VVO04 | D9: バレーボール | E9: 09/17（木） | F9: 0.41666667 | H9: 6000 | I9: 2000 | M9: 2000 | N9: 1000 | O9: 1700 | P9: 在庫わずか
A10: 〃 | B10: 307 | C10: VVO06 | D10: バレーボール | E10: 09/18（金） | F10: 0.41666667 | H10: 6000 | I10: 2000 | M10: 2000 | N10: 1000 | O10: 1700 | P10: 在庫わずか
A11: 〃 | B11: 309 | C11: VVO08 | D11: バレーボール | E11: 09/20（日） | F11: 0.41666667 | H11: 6000 | I11: 2000 | M11: 2000 | N11: 1000 | O11: 1700 | P11: 在庫わずか
A12: 〃 | B12: 311 | C12: VVO10 | D12: バレーボール | E12: 09/21（月） | F12: 0.41666667 | H12: 6000 | I12: 2000 | M12: 2000 | N12: 1000 | O12: 1700
A13: 〃 | B13: 313 | C13: VVO12 | D13: バレーボール | E13: 09/22（火） | F13: 0.41666667 | H13: 6000 | I13: 2000 | M13: 2000 | N13: 1000 | O13: 1700
A14: 〃 | B14: 314 | C14: VVO13 | D14: バレーボール | E14: 09/27（日） | F14: 0.41666667 | H14: 6000 | I14: 2000 | M14: 2000 | N14: 1000 | O14: 1700 | P14: 在庫わずか
A15: 〃 | B15: 316 | C15: VVO15 | D15: バレーボール | E15: 09/28（月） | F15: 0.41666667 | H15: 6000 | I15: 2000 | M15: 2000 | N15: 1000 | O15: 1700 | P15: 在庫わずか
A16: 〃 | B16: 318 | C16: VVO17 | D16: バレーボール | E16: 09/29（火） | F16: 0.41666667 | H16: 6000 | I16: 2000 | M16: 2000 | N16: 1000 | O16: 1700 | P16: 在庫わずか
A17: 〃 | B17: 320 | C17: VVO19 | D17: バレーボール | E17: 10/01（木） | F17: 0.41666667 | H17: 8000 | I17: 5000 | M17: 5000 | N17: 2500 | O17: 4700 | P17: 在庫わずか
A18: 〃 | B18: 322 | C18: VVO21 | D18: バレーボール | E18: 10/02（金） | F18: 0.41666667 | H18: 10000 | I18: 6000 | M18: 6000 | N18: 3000 | O18: 5700 | P18: 在庫わずか
A19: 〃 | B19: 324 | C19: VVO23 | D19: バレーボール | E19: 10/03（土） | F19: 0.41666667 | H19: 15000 | I19: 8000 | M19: 8000 | N19: 4000 | O19: 7700 | P19: 在庫わずか
A20: 〃 | B20: 429 | C20: BBL01 | D20: 野球 | E20: 09/21（月） | F20: 0.5 | H20: 5000 | I20: 3000 | J20: 1500 | M20: 1500 | N20: 1000 | O20: 1200
A21: 〃 | B21: 431 | C21: BBL03 | D21: 野球 | E21: 09/21（月） | F21: 0.77083333 | H21: 5000 | I21: 3000 | J21: 1500 | M21: 1500 | N21: 1000 | O21: 1200
A22: 〃 | B22: 433 | C22: BBL05 | D22: 野球 | E22: 09/22（火） | F22: 0.5 | H22: 5000 | I22: 3000 | J22: 1500 | M22: 1500 | N22: 1000 | O22: 1200
A23: 〃 | B23: 435 | C23: BBL07 | D23: 野球 | E23: 09/22（火） | F23: 0.77083333 | H23: 5000 | I23: 3000 | J23: 1500 | M23: 1500 | N23: 1000 | O23: 1200
A24: 〃 | B24: 437 | C24: BBL09 | D24: 野球 | E24: 09/23（水） | F24: 0.5 | H24: 5000 | I24: 3000 | J24: 1500 | M24: 1500 | N24: 1000 | O24: 1200
A25: 〃 | B25: 439 | C25: BBL11 | D25: 野球 | E25: 09/23（水） | F25: 0.77083333 | H25: 5000 | I25: 3000 | J25: 1500 | M25: 1500 | N25: 1000 | O25: 1200
A26: 〃 | B26: 441 | C26: BBL13 | D26: 野球 | E26: 09/25（金） | F26: 0.5 | H26: 5000 | I26: 3000 | J26: 1500 | M26: 1500 | N26: 1000 | O26: 1200
A27: 〃 | B27: 443 | C27: BBL15 | D27: 野球 | E27: 09/25（金） | F27: 0.77083333 | H27: 7000 | I27: 4500 | J27: 2000 | M27: 2000 | N27: 1000 | O27: 1700
A28: 〃 | B28: 445 | C28: BBL17 | D28: 野球 | E28: 09/26（土） | F28: 0.5 | H28: 5000 | I28: 3000 | J28: 1500 | M28: 1500 | N28: 1000 | O28: 1200
A29: 〃 | B29: 447 | C29: BBL19 | D29: 野球 | E29: 09/26（土） | F29: 0.77083333 | H29: 7000 | I29: 4500 | J29: 2000 | M29: 2000 | N29: 1000 | O29: 1700
A30: 〃 | B30: 449 | C30: BBL21 | D30: 野球 | E30: 09/27（日） | F30: 0.5 | H30: 7500 | I30: 5000 | J30: 2500 | M30: 2500 | N30: 1500 | O30: 2200
A31: パラ大会 | B31: 519 | C31: PAR03 | D31: パラアーチェリー | E31: 10/21（水） | F31: 0.375 | H31: 1500 | M31: 1500 | N31: 800 | O31: 1200
A32: 〃 | B32: 520 | C32: PAR04 | D32: パラアーチェリー | E32: 10/22（木） | F32: 0.375 | H32: 1500 | M32: 1500 | N32: 800 | O32: 1200
A33: 〃 | B33: 521 | C33: PAR05 | D33: パラアーチェリー | E33: 10/23（金） | F33: 0.375 | H33: 1500 | M33: 1500 | N33: 800 | O33: 1200
A34: 〃 | B34: 522 | C34: PAR06 | D34: パラアーチェリー | E34: 10/24（土） | F34: 0.375 | H34: 1500 | M34: 1500 | N34: 800 | O34: 1200
A35: 〃 | B35: 609 | C35: VBS01 | D35: 座位バレーボール | E35: 10/19（月） | F35: 0.41666667 | H35: 1500 | I35: 1000 | M35: 1000 | N35: 500 | O35: 700
A36: 〃 | B36: 610 | C36: VBS02 | D36: 座位バレーボール | E36: 10/20（火） | F36: 0.41666667 | H36: 1500 | I36: 1000 | M36: 1000 | N36: 500 | O36: 700
A37: 〃 | B37: 611 | C37: VBS03 | D37: 座位バレーボール | E37: 10/21（水） | F37: 0.41666667 | H37: 1500 | I37: 1000 | M37: 1000 | N37: 500 | O37: 700
A38: 〃 | B38: 612 | C38: VBS04 | D38: 座位バレーボール | E38: 10/22（木） | F38: 0.375 | H38: 2500 | I38: 1500 | M38: 1500 | N38: 800 | O38: 1200
A39: 〃 | B39: 613 | C39: VBS05 | D39: 座位バレーボール | E39: 10/23（金） | F39: 0.4375 | H39: 2500 | I39: 1500 | M39: 1500 | N39: 800 | O39: 1200
A496: パラ大会
